 Dungeon Crawl Stone Soup version 0.18-a0-1361-g9293dd1 (webtiles) character file.

186 Duffy the Digger (level 5, 0/28 HPs)
             Began as a Gargoyle Earth Elementalist on Feb 20, 2016.
             Slain by a kobold
             ... wielding a +1 dagger of distortion
              (14 damage)
             ... on level 2 of the Dungeon.
             The game lasted 00:07:46 (3745 turns).

Duffy the Digger (Gargoyle Earth Elementalist)      Turns: 3745, Time: 00:07:46

Health: 0/28       AC:  8    Str: 11    XL:     5   Next: 65%
Magic:  1/11       EV: 12    Int: 17    God:
Gold:   94         SH:  0    Dex: 10    Spells: 3 memorised, 6 levels left

rFire  . . .     SeeInvis +     c - book of Geomancy
rCold  . . .     Gourm    .     a - +0 robe
rNeg   + . .     Faith    .     (no shield)
rPois  ∞         Spirit   .     s - +1 helmet {SInv}
rElec  +         Dismiss  .     (no cloak)
rCorr  .         Reflect  .     (no gloves)
SustAt +         Harm     .     (no boots)
MR     .....                    (no amulet)
Stlth  ++........               (no ring)
                                p - ring of sustain attributes

@: not resistant to hostile enchantments, unstealthy
A: negative energy resistance 1, electricity resistance, unbreathing,
petrification resistance, rot immunity, AC +4
a: no special abilities


You were on level 2 of the Dungeon.
You were very hungry.

You visited 1 branch of the dungeon, and saw 3 of its levels.

You collected 94 gold pieces.


Innate Abilities, Weirdness & Mutations

You are resistant to torment.
Your stone body is resilient (AC +4).
You are immune to poison.
You resist negative energy.
You are resistant to electric shocks.
You can survive without breathing.
You are immune to petrification.
You are immune to rotting.


   Skills:
 - Level 1.5 Dodging
 - Level 2.1 Stealth
 + Level 4.0 Spellcasting
 - Level 0.7 Transmutations
 + Level 5.7 Earth Magic


You had 6 spell levels left.
You knew the following spells:

 Your Spells              Type           Power        Failure   Level  Hunger
a - Sandblast             Erth           ###...       1%          1    None
c - Stone Arrow           Conj/Erth      ##....       17%         3    ###....
P - Passwall              Trmt/Erth      ##........   10%         2    ##.....

Inventory:

Missiles
 b - 89 stones (quivered)
 e - 13 poisoned needles
Armour
 a - a +0 robe (worn)
 s - a +1 helmet of see invisible (worn)
Jewellery
 p - a ring of sustain attributes (left hand)
Scrolls
 g - 2 scrolls of fog {unknown}
 h - a scroll of fear {unknown}
 j - a scroll of enchant weapon {unknown}
 l - a scroll of recharging {unknown}
 n - 2 scrolls of remove curse {unknown}
 o - a scroll of magic mapping {unknown}
 q - a scroll of random uselessness {unknown}
Potions
 i - 4 potions of heal wounds {unknown}
 k - a potion of cure mutation {unknown}
Books
 c - a book of Geomancy (in hand)
Comestibles
 d - 3 bread rations
 m - a meat ration

Dungeon Overview and Level Annotations

Branches:
Dungeon (3/15)

Altars:


Message History

The orc is severely wounded.
The orc barely misses you.
Cast which spell? (? or * to list)
Aiming: Sandblast
Press: ? - help, Shift-Dir - straight line, f/p - orc
Aim: an orc, wielding a rapier and wearing a chain mail (severely wounded)
The blast of sand hits the orc.
The orc is severely wounded.
The orc closely misses you.
Cast which spell? (? or * to list)
Aiming: Sandblast
Press: ? - help, Shift-Dir - straight line, f/p - orc
Aim: an orc, wielding a rapier and wearing a chain mail (severely wounded)
The blast of sand hits the orc.
The orc is severely wounded.
The kobold hits you but does no damage.
You blink.
Cast which spell? (? or * to list)
You don't have enough magic to cast that spell.
Cast which spell? (? or * to list)
You don't have enough magic to cast that spell.
Cast which spell? (? or * to list)
You don't have enough magic to cast that spell.
Cast which spell? (? or * to list)
You don't have enough magic to cast that spell.
The kobold hits you but does no damage. Space bends around you.
Cast which spell? (? or * to list)
Aiming: Sandblast
Press: ? - help, Shift-Dir - straight line, f/p - orc
Aim: an orc, wielding a rapier and wearing a chain mail (heavily wounded)
The blast of sand hits the kobold.
The kobold is moderately wounded.
The kobold hits you with a dagger of distortion.
Space warps horribly around you!
Ouch! That really hurt!
You die...

#.......'......# #..##.
#......##......# ##.##.
######.######### #..#. #......#
##.#. #......# #... #......#
##.# #...(.o# #.. #.....K# ###.
#.....@# #... ####..#.# #.#.
#..#..#.# #.#. #..#..#.## #.#.
#..#.....# #.##
#########..#.....############.##
#<.........#..................#.
#########.##.....####.........#.
###.........##..........#'


You could see an orc and a kobold.

Action                   |  1- 3 |  4- 6 || total
-------------------------+-------+-------++-------
 Cast: Sandblast         |    86 |   153 ||   239
       Stone Arrow       |       |     1 ||     1
  Eat: Chunk             |     3 |     5 ||     8

Notes
Turn   | Place    | Note
--------------------------------------------------------------
     0 | D:1      | Duffy the Gargoyle Earth Elementalist began the quest for the Orb.
     0 | D:1      | Reached XP level 1. HP: 10/10 MP: 3/3
   195 | D:1      | Reached XP level 2. HP: 15/15 MP: 1/5
   437 | D:1      | Reached skill level 4 in Earth Magic
   529 | D:1      | Learned a level 2 spell: Passwall
   845 | D:1      | Reached XP level 3. HP: 15/19 MP: 0/7
  1299 | D:1      | Reached skill level 3 in Spellcasting
  1490 | D:2      | Learned a level 3 spell: Stone Arrow
  1599 | D:2      | Found a faded altar to an unknown god.
  1725 | D:2      | Reached XP level 4. HP: 24/24 MP: 1/8
  2507 | D:2      | Reached skill level 5 in Earth Magic
  2898 | D:3      | Noticed Terence
  2945 | D:3      | Killed Terence
  2945 | D:3      | Reached XP level 5. HP: 26/28 MP: 2/10
  3252 | D:3      | Noticed Robin
  3314 | D:3      | Killed Robin
  3581 | D:3      | Reached skill level 4 in Spellcasting
  3745 | D:2      | Slain by a kobold

Vault maps used:
D:1:      matt_arrival_grand_opening
D:2:      ecumenical_altar_1
D:3:      minmay_ruptured, uniq_terence, uniq_iyjb, uniq_robin

Vanquished Creatures
  An orc priest Terence Robin
  3 adders
  2 worms
  3 giant geckos
  An orc
  2 giant cockroaches
  14 goblins
  12 hobgoblins
  8 jackals
  A quokka
  A ball python
  8 bats
  5 giant newts
  8 kobolds
  14 rats
85 creatures vanquished.
